AoeStats
← juanse071213

Arena

509504001Analyzed
4v4 RM · 5d ago on Sep 27, 2026· 45m 30s· 8 players
Game mode
Random Map
Map size
Large (8 player)
Population
200
Speed
Normal
Resources
Standard
Victory
Conquest
Starting age
Dark Age
Ending age
Imperial Age
RankedLock teamsTeams togetherTeam positionsShared explorationLock speedFull tech treeHidden civsTurbo modeCheats
Victory
Defeat
🇦🇷 Byzantines · Argentina
1072
+13
🇦🇷 Vikings · Argentina
1060
+13
🇨🇱 Khmer · Chile
1015
+15
🇨🇴 Poles · Colombia
1007
+15
🇵🇪 Aztecs · Peru
1066
-17
🇻🇺 Tatars · Vanuatu
1046
-16
🇹🇷 Persians · Türkiye
987
-14
🇨🇴 Khmer · Colombia
874
-9
IniFredo
3:32 Loom
12:04 Feudal Age
13:20 Double-Bit Axe
16:26 Castle Age
16:35 Light Cavalry
18:12 Bow Saw
18:24 Bloodlines
19:13 Wheelbarrow
20:02 Horse Collar
25:40 Gold Mining
26:34 Hand Cart
27:00 Scale Barding Armor
27:16 Husbandry
28:17 Heavy Plow
29:13 Chain Barding Armor
33:35 Imperial Age
32:18 Forging
35:05 Plate Barding Armor
36:11 Iron Casting
35:03 Elite Battle Elephant
41:15 Conscription
42:59 Hussar
43:42 Heavy Scorpion
TrivJ
12:03 Feudal Age
17:16 Castle Age
17:16 Horse Collar
17:34 Gold Mining
17:32 Double-Bit Axe
18:40 Heavy Plow
24:13 Forging
24:03 Scale Mail Armor
24:08 Scale Barding Armor
25:36 Wheelbarrow
26:08 Town Watch
26:19 Loom
31:15 Imperial Age
29:58 Hand Cart
29:37 Stone Mining
30:01 Bloodlines
29:59 Husbandry
30:53 Szlachta Privileges
31:14 Light Cavalry
32:50 Iron Casting
32:36 Chain Barding Armor
32:41 Cavalier
34:45 Blast Furnace
35:33 Conscription
42:27 Ballistics
42:40 Heavy Mounted Crossbowman
44:30 Fletching
44:41 Padded Archer Armor
46:03 Bodkin Arrow
Gordo Frank
10:40 Feudal Age
11:21 Double-Bit Axe
14:56 Castle Age
14:48 Double-Bit Axe
16:11 Squires
19:23 Forging
19:13 Scale Mail Armor
20:41 Bow Saw
21:05 Horse Collar
25:57 Iron Casting
25:22 Scale Mail Armor
30:55 Gold Mining
33:14 Scale Mail Armor
33:05 Fletching
36:18 Imperial Age
34:23 Loom
34:53 Town Watch
34:41 Crossbowman
35:39 Padded Archer Armor
36:16 Gold Shaft Mining
36:27 Bodkin Arrow
36:47 Leather Archer Armor
37:20 Bracer
38:32 Ring Archer Armor
38:17 Fortified Wall
39:08 Chemistry
38:28 Ballistics
38:05 Murder Holes
38:31 Fortified Wall
38:34 Masonry
38:08 Treadmill Crane
38:31 Town Patrol
40:06 Two-Man Saw
39:12 Heavy Plow
38:48 Elite Skirmisher
41:56 Crop Rotation
42:28 Blast Furnace
41:44 Chain Mail Armor
42:18 Conscription
42:01 Chieftains
42:38 Hoardings
41:55 Elite Varangian Guard
merascolanariz
10:36 Feudal Age
15:21 Castle Age
13:22 Double-Bit Axe
14:09 Horse Collar
14:22 Gold Mining
16:27 Wheelbarrow
17:07 Bow Saw
17:45 Loom
21:39 Hand Cart
23:59 Stone Mining
28:45 Imperial Age
26:54 Fortified Wall
27:19 Gambesons
27:34 Squires
27:35 Fletching
28:03 Padded Archer Armor
28:56 Fervor
29:24 Bodkin Arrow
30:11 Ballistics
31:27 Conscription
31:13 Heavy Plow
31:51 Bracer
31:43 Elite Skirmisher
33:33 Chemistry
33:42 Thumb Ring
35:23 Scale Mail Armor
35:33 Forging
35:36 Pikeman
36:04 Halberdier
37:03 Chain Mail Armor
37:41 Iron Casting
38:48 Plate Mail Armor
39:57 Two-Man Saw
39:04 Arson
39:18 Treadmill Crane
41:04 Crop Rotation
41:12 Gold Shaft Mining
41:13 Stone Shaft Mining
suso9871
10:50 Feudal Age
12:21 Horse Collar
15:53 Castle Age
14:04 Double-Bit Axe
18:57 Wheelbarrow
19:29 Town Watch
20:21 Stone Mining
20:21 Gold Mining
25:31 Gold Shaft Mining
30:22 Imperial Age
28:19 Heavy Plow
28:40 Bow Saw
29:11 Scale Barding Armor
28:56 Fletching
29:06 Padded Archer Armor
30:27 Hand Cart
32:08 Conscription
32:34 Crop Rotation
32:42 Town Patrol
33:17 Silk Armor
32:41 Elite Steppe Lancer
35:18 Chemistry
34:40 Fortified Wall
34:10 Treadmill Crane
36:22 Husbandry
36:33 Bloodlines
36:49 Heavy Camel Rider
39:01 Pikeman
39:42 Squires
42:14 Halberdier
44:26 Arson
juanse071213
2:15 Loom
11:49 Feudal Age
16:33 Castle Age
16:45 Double-Bit Axe
19:33 Scale Barding Armor
19:38 Forging
19:31 Padded Archer Armor
19:21 Fletching
24:14 Gold Mining
29:31 Imperial Age
29:07 Leather Archer Armor
28:48 Bodkin Arrow
29:41 Ballistics
30:56 Conscription
33:54 Wheelbarrow
34:22 Horse Collar
35:44 Ring Archer Armor
36:51 Fortified Wall
37:23 Bracer
culturaparacas
10:01 Feudal Age
15:52 Castle Age
15:39 Scale Mail Armor
15:57 Gold Mining
20:40 Gambesons
23:50 Pikeman
24:42 Loom
33:08 Imperial Age
32:29 Double-Bit Axe
39:00 Sanctity
38:41 Devotion
39:07 Illumination
38:58 Block Printing
38:54 Fervor
38:45 Atonement
38:57 Redemption
40:51 Horse Collar
43:32 Squires
43:18 Arson
43:58 Conscription
44:14 Bow Saw
43:48 Eagle Warrior
45:35 Wheelbarrow
BySkandal
12:51 Feudal Age
16:25 Castle Age
14:13 Double-Bit Axe
14:16 Horse Collar
17:11 Heavy Plow
17:47 Bow Saw
18:52 Wheelbarrow
20:46 Stone Mining
23:13 Hand Cart
27:10 Stone Shaft Mining
26:27 Gold Mining
28:00 Gold Shaft Mining
31:27 Imperial Age
28:51 Loom
28:51 Town Watch
29:52 Town Patrol
29:55 Devotion
30:18 Ballistics
29:53 Murder Holes
30:09 Masonry
30:09 Scale Barding Armor
30:15 Forging
29:55 Fletching
30:38 Pikeman
31:03 Gambesons
31:19 Squires
31:04 Arson
31:44 Chain Barding Armor
31:14 Fletching
31:25 Padded Archer Armor
31:25 Scale Mail Armor
31:03 Crossbowman
31:48 Thumb Ring
32:58 Chemistry
31:44 Elite Skirmisher
32:49 Parthian Tactics
33:18 Iron Casting
33:19 Plate Barding Armor
34:07 Kamandaran
35:05 Architecture
34:14 Halberdier
37:17 Two-Man Saw
36:53 Crop Rotation
37:34 Blast Furnace
36:29 Bodkin Arrow
36:49 Leather Archer Armor
36:49 Chain Mail Armor
38:05 Hoardings
37:50 Conscription
37:41 Citadels
44:09 Plate Mail Armor
44:09 Ring Archer Armor
Connection lost

Rejoining the realm…

Still unreachable

The connection could not be restored.

Session expired

The server has moved on; the page needs a fresh start.